Map: Equilibrium LE

Players

rafiki

  • Race: Protoss Protoss
  • League: Diamond
  • Spawn Location: 11:00

DarkHorse - Winner!

  • Race: Zerg Zerg
  • Spawn Location: 1:00

VOD

Have the link to the VOD?

Description

Time

  • Played on: March 10, 2024, 9:45 p.m.
  • Length: 16:46
Show
View Real Time Build Order
Export as new Build Order

rafiki Protoss 

Build Orders: Cannon Rush 

Get SALT Encoding   

  12  0:00  Probe  
  13  0:15  Probe  
  13  0:20  Pylon  
  14  0:27  Probe  
  15  0:38  Forge  
  15  0:41  Probe (Chrono Boost)  
  17  0:50  Probe (Chrono Boost)  
  17  1:04  Pylon  
  17  1:09  Probe  
  18  1:25  Pylon  
  19  1:32  Probe  
  19  1:37  Photon Cannon  
  19  1:44  Photon Cannon  
  19  1:54  Pylon  
  19  1:59  Photon Cannon  
  18  2:03  Probe (Chrono Boost)  
  19  2:10  Gateway  
  19  2:12  Pylon  
  19  2:14  Probe (Chrono Boost)  
  20  2:17  Assimilator  
  20  2:30  Probe  
  20  2:32  Nexus  
  20  2:33  Pylon  
  21  2:40  Photon Cannon  
  21  2:45  Photon Cannon  
  21  2:52  Probe  
  21  2:57  Zealot  
  24  3:03  Cybernetics Core  
  24  3:14  Probe  
  24  3:18  Assimilator  
  25  3:20  Pylon  
  25  3:26  Probe  
  27  3:37  Warp Gate (Chrono Boost)  
  27  3:38  Probe  
  27  3:40  Shield Battery  
  26  3:50  Probe x2  
  26  3:53  Pylon  
  26  3:54  Stalker (Chrono Boost)  
  28  4:02  Probe (Chrono Boost)  
  32  4:07  Probe (Chrono Boost)  
  32  4:18  Gateway  
  32  4:21  Stalker  
  34  4:28  Gateway  
  34  4:36  Probe  
  35  4:42  Twilight Council  
  35  4:49  Probe  
  36  5:00  Stalker  
  36  5:06  Probe (Chrono Boost)  
  40  5:07  Probe (Chrono Boost)  
  40  5:14  Gateway  
  40  5:16  Probe x2 (Chrono Boost)  
  40  5:17  Robotics Facility, Blink (Chrono Boost)  
  42  5:23  Probe x2  
  43  5:33  Protoss Ground Weapons Level 1 (Chrono Boost)  
  43  5:35  Probe x2  
  45  5:48  Probe (Chrono Boost)  
  44  5:52  Stalker  
  44  5:53  Stalker  
  44  5:54  Probe (Chrono Boost)  
  44  5:56  Assimilator  
  49  6:01  Stalker  
  52  6:04  Warp Prism, Probe (Chrono Boost)  
  54  6:15  Pylon  
  54  6:16  Pylon  
  54  6:20  Assimilator  
  54  6:33  Probe x2  
  54  6:36  Stalker x2  
  54  6:37  Stalker  
  62  6:45  Probe x2  
  62  6:56  Stalker  
  62  6:57  Probe x2  
  66  7:09  Probe x2  
  66  7:12  Stalker  
  66  7:13  Stalker  
  70  7:18  Pylon  
  70  7:21  Probe, Pylon  
  69  7:23  Pylon  
  69  7:33  Stalker  
  69  7:44  Gateway  
  69  7:45  Gateway  
  69  7:47  Zealot x2  
  69  7:48  Zealot  
  69  7:49  Gateway  
  75  7:55  Nexus  
  73  8:36  Protoss Ground Armor Level 1 (Chrono Boost)  
  73  8:40  Probe  
  74  8:42  Pylon  
  74  8:48  Robotics Bay  
  74  8:50  Immortal, Forge  
  74  8:52  Stalker x3  
  74  8:53  Zealot x2, Stalker  
  74  8:54  Sentry  
  92  9:06  Unknown  
  92  9:09  Photon Cannon  
  88  9:11  Shield Battery  
  88  9:26  Probe  
  88  9:30  Pylon, Probe  
  90  9:41  Pylon  
  90  9:42  Colossus (Chrono Boost)  
  88  9:49  Protoss Ground Weapons Level 2 (Chrono Boost)  
  88  9:52  Extended Thermal Lance  
  88  9:55  Robotics Facility  
  84  10:01  Probe (Chrono Boost)  
  84  10:06  Probe x2 (Chrono Boost)  
  87  10:11  Templar Archives, Probe (Chrono Boost)  
  87  10:12  Sentry x2  
  94  10:14  Probe (Chrono Boost)  
  94  10:15  Probe (Chrono Boost)  
  94  10:16  Stalker x2  
  104  10:29  Colossus (Chrono Boost)  
  104  10:31  Pylon  
  104  10:35  Stalker x2  
  108  10:42  Probe x3  
  111  10:47  Protoss Ground Armor Level 2 (Chrono Boost)  
  100  10:55  Sentry, Stalker x3  
  102  10:58  Colossus (Chrono Boost)  
  104  11:12  Psionic Storm  
  104  11:17  Colossus  
  108  11:20  High Templar x2  
  112  11:35  Nexus  
  112  11:39  Assimilator  
  112  11:41  High Templar x2  
  112  11:42  Stalker  
  112  11:43  Zealot, Assimilator  
  112  11:45  Archon  
  112  11:46  Observer, Pylon  
  121  11:50  Probe  
  121  11:52  Pylon  
  121  11:53  Protoss Ground Weapons Level 3 (Chrono Boost)  
  122  11:54  Probe x2  
  122  11:56  Pylon  
  124  12:02  Probe  
  124  12:06  Probe x2  
  127  12:20  Probe  
  127  12:22  Gateway  
  128  12:24  Gateway  
  128  12:25  Pylon  
  128  12:26  Probe  
  128  12:28  Photon Cannon  
  117  12:49  Colossus (Chrono Boost)  
  103  12:57  High Templar x2  
  101  12:59  Colossus (Chrono Boost)  
  101  13:02  Protoss Ground Armor Level 3 (Chrono Boost)  
  101  13:03  Archon  
  101  13:04  Stalker x2  
  101  13:05  Zealot x3  
  105  13:09  Charge (Chrono Boost)  
  106  13:22  Zealot  
  106  13:23  Zealot  
  110  13:28  Nexus, Shield Battery  
  110  13:31  Assimilator  
  110  13:33  Assimilator  
  110  13:35  Zealot x2  
  110  13:36  Zealot x5  
  123  13:49  High Templar x2, Pylon  
  123  13:54  Pylon  
  127  13:56  Colossus (Chrono Boost)  
  127  13:57  Colossus (Chrono Boost)  
  139  14:04  Probe x2  
  139  14:05  Gravitic Drive (Chrono Boost)  
  141  14:11  Probe  
  141  14:14  Dark Shrine, Photon Cannon  
  141  14:16  Photon Cannon  
  142  14:17  Shield Battery  
  142  14:23  Protoss Shields Level 1 (Chrono Boost)  
  142  14:25  High Templar  
  142  14:26  High Templar x2  
  142  14:28  Zealot x4  
  156  14:35  Gateway  
  155  14:39  Probe  
  155  14:40  Probe  
  155  14:42  Probe x2  
  159  14:46  Stalker x2  
  163  14:55  Gravitic Boosters, High Templar x2  
  163  14:57  High Templar x2  
  151  15:13  Archon  
  113  15:22  Stalker x4  
  113  15:23  Stalker  
  115  15:35  Dark Templar x5  
  119  15:37  Immortal (Chrono Boost)  
  119  15:40  Nexus, Immortal (Chrono Boost)  
  126  15:45  Archon  
  126  15:46  Archon  
  126  16:00  Zealot x4  
  126  16:01  Zealot  
  112  16:12  Stalker  
  112  16:13  Stalker x4  
  110  16:30  Dark Templar, Zealot x3  
  94  16:40  Dark Templar x4  
Show
View Real Time Build Order
Export as new Build Order

DarkHorse Zerg - Winner!

Build Orders: Hatch First 

Get SALT Encoding   

  12  0:00  Drone  
  13  0:08  Drone  
  14  0:17  Overlord  
  14  0:24  Extractor  
  14  0:25  Drone  
  15  0:37  Drone x2  
  17  1:09  Drone x3  
  20  1:14  Hatchery  
  19  1:27  Spawning Pool  
  19  1:29  Extractor  
  17  1:36  Drone  
  17  1:37  Drone  
  19  1:58  Drone  
  19  1:59  Drone  
  21  2:11  Drone  
  22  2:24  Roach Warren  
  22  2:31  Overlord  
  22  2:34  Extractor  
  21  2:42  Overlord x2  
  21  2:48  Queen  
  23  3:05  Roach x2  
  27  3:09  Roach  
  29  3:21  Roach  
  29  3:24  Queen  
  33  3:31  Ravager x2  
  35  3:35  Drone  
  38  3:41  Roach  
  38  3:53  Drone  
  39  4:03  Drone, Hatchery  
  39  4:06  Spore Crawler  
  38  4:20  Drone  
  38  4:22  Roach x2  
  43  4:31  Hatchery  
  42  4:41  Roach x2  
  46  4:46  Overlord x3  
  46  5:10  Drone x2  
  46  5:12  Lair  
  48  5:19  Drone x4  
  52  5:27  Drone x2  
  54  5:33  Drone  
  52  5:50  Drone x7  
  52  5:56  Drone  
  60  6:01  Drone x2, Spore Crawler  
  60  6:03  Queen  
  63  6:06  Ravager x4  
  63  6:08  Zergling x2  
  68  6:11  Metabolic Boost  
  68  6:15  Glial Reconstitution  
  68  6:17  Drone  
  69  6:24  Overseer  
  69  6:25  Pneumatized Carapace  
  69  6:27  Drone x3  
  69  6:28  Overseer  
  69  6:33  Zergling x6  
  69  6:37  Zergling x4  
  69  6:38  Zergling x2  
  75  6:51  Zergling x2  
  75  6:52  Zergling x14  
  82  6:59  Overlord x3  
  82  7:13  Zergling x2  
  76  7:41  Drone x11  
  76  7:42  Drone  
  88  7:45  Extractor  
  88  7:48  Extractor  
  88  7:49  Extractor, Drone x3  
  88  7:52  Extractor  
  88  7:53  Spire  
  88  7:55  Hatchery  
  85  8:01  Roach x3  
  91  8:14  Spine Crawler  
  91  8:15  Spine Crawler x2  
  88  8:31  Roach x8  
  104  8:38  Spine Crawler x2  
  102  8:44  Overlord  
  102  8:45  Overlord x3  
  101  9:12  Spore Crawler  
  100  9:23  Mutalisk  
  100  9:24  Mutalisk x4  
  110  9:33  Drone x13  
  119  9:47  Mutalisk x2  
  119  9:49  Zergling x8  
  127  10:12  Overlord x4  
  127  10:13  Overlord, Hatchery  
  126  10:14  Overseer  
  126  10:25  Zergling x2  
  127  10:38  Evolution Chamber  
  127  10:39  Infestation Pit  
  127  10:42  Evolution Chamber  
  109  10:50  Zergling x26  
  109  10:51  Zergling x10  
  119  10:58  Mutalisk x3  
  117  11:13  Zergling x14  
  118  11:22  Hive  
  118  11:23  Zerg Ground Armor Level 1  
  118  11:24  Zerg Melee Weapons Level 1  
  118  11:30  Extractor  
  117  11:33  Drone x11  
  117  11:34  Queen  
  117  11:35  Extractor  
  117  11:38  Drone x3  
  132  11:44  Drone x3  
  132  11:45  Hatchery  
  132  11:46  Drone x3  
  137  12:02  Roach  
  137  12:03  Roach x7  
  153  12:14  Roach x4  
  153  12:15  Roach  
  163  12:25  Roach  
  163  12:26  Roach x4  
  171  12:36  Roach  
  172  12:37  Roach x3  
  160  12:44  Roach  
  160  12:45  Roach x2  
  156  12:51  Roach x2  
  156  12:52  Roach x5  
  168  13:06  Extractor  
  168  13:07  Extractor  
  166  13:17  Adrenal Glands, Ultralisk Cavern  
  165  13:23  Drone  
  165  13:24  Drone x2  
  165  13:26  Overlord x4  
  168  13:31  Hatchery  
  167  13:35  Zerg Ground Armor Level 2  
  167  13:36  Zerg Melee Weapons Level 2  
  167  13:39  Zergling x2  
  167  13:40  Overlord  
  167  13:41  Overlord x3  
  168  14:00  Drone x2  
  168  14:01  Drone  
  171  14:06  Drone x3  
  174  14:15  Chitinous Plating  
  180  14:17  Ultralisk x3  
  180  14:19  Zergling x2  
  180  14:20  Zergling x14  
  180  14:22  Overseer  
  200  14:25  Hatchery  
  183  15:12  Ultralisk x3  
  183  15:13  Ultralisk x3  
  168  15:22  Ultralisk  
  172  15:31  Ultralisk  
  178  15:42  Ultralisk  
  184  15:43  Zergling x28  
  184  15:44  Zergling x4  
  196  16:01  Zergling x2  
  196  16:02  Zergling x6  
  200  16:07  Ultralisk  
Tags
 
Add a new tag
Caveats
  • Supply blocks, unpowered buildings, or Contaminate may cause inaccurate times.
  • Supply counts are checked every 10 seconds.